 Dungeon Crawl Stone Soup version 0.32-a0-898-g7811c86cf0 (webtiles) character file.

Game seed: 15851170340631391329

31363 GeoRichter the Nimble (level 13, 9/111 HPs)
             Began as a Merfolk Warper on Apr 4, 2024.
             Was a Believer of Qazlal.
             Quit the game on level 10 of the Dungeon.
             The game lasted 00:30:20 (17546 turns).

GeoRichter the Nimble (Merfolk Warper)             Turns: 17546, Time: 00:30:21

Health: 9/111      AC: 18    Str: 13    XL:     13   Next: 57%
Magic:  14/22      EV: 22    Int: 14    God:    Qazlal [**....]
Gold:   937        SH:  8    Dex: 23    Spells: 16/16 levels left

rFire   + . .        b - +0 trident (protect)
rCold   + . .        l - +0 buckler
rNeg    . . .        M - +2 troll leather armour {Snorg}
rPois   +            r - +2 helmet
rElec   .            (no cloak)
rCorr   .            C - +0 pair of gloves
SInv    .            h - +1 pair of boots
Will    .....        j - amulet of faith {!P}
Stlth   +            K - +6 ring of dexterity
HPRegen 1.18/turn    B - ring of Nankun {rPois rF+ rC+ Int+2}
MPRegen 0.18/turn

%: faith
@: under a protective aura
A: (nimble swimmer 2), mertail
a: Renounce Religion, Upheaval


You were on level 10 of the Dungeon.
You worshipped Qazlal.
Qazlal was pleased with you.
You visited 3 branches of the dungeon, and saw 17 of its levels.
You also visited: Sewer and Ossuary.

You collected 1027 gold pieces.
You spent 90 gold pieces at shops.

Inventory:

Hand Weapons
 b - a +0 trident of protection (weapon)
   (You found it on level 4 of the Dungeon)
Missiles
 d - 7 darts of dispersal {!f}
 t - a curare-tipped dart {!f}
 A - 3 javelins
 O - 6 poisoned darts
Armour
 h - a +1 pair of boots (worn)
   (You found it on level 1 of the Dungeon)
 l - a +0 buckler (worn)
   (You found it on level 3 of the Dungeon)
 r - a +2 helmet (worn)
   (You found it on level 4 of the Dungeon)
 C - a +0 pair of gloves (worn)
   (You found it on level 10 of the Dungeon)
 I - a +2 ring mail of willpower
   (You took it off a gnoll sergeant on level 6 of the Dungeon)
 M - a +2 troll leather armour (worn) {Snorg}
   (You found it on level 3 of the Lair of Beasts)
 S - a +1 cloak
   (You found it on level 3 of the Lair of Beasts)
Jewellery
 j - an amulet of faith (around neck) {!P}
   (You found it on level 2 of the Dungeon)
 s - an amulet of guardian spirit
   (You found it on level 8 of the Dungeon)
 B - the ring of Nankun (right hand) {rPois rF+ rC+ Int+2}
   (You found it on level 5 of the Dungeon)

   [ring of protection from cold]

   Int+2:     It affects your intelligence (+2).
   rF+:       It protects you from fire.
   rC+:       It protects you from cold.
   rPois:     It protects you from poison.
 K - a +6 ring of dexterity (left hand)
   (You took it off a gnoll sergeant on level 8 of the Dungeon)
Wands
 v - a wand of warping (35)
   (You found it on level 4 of the Dungeon)
 D - a wand of mindburst (3)
   (You found it on level 5 of the Dungeon)
 G - a wand of flame (66)
   (You found it on level 6 of the Dungeon)
 N - a wand of paralysis (6)
   (You took it off a centaur on level 10 of the Dungeon)
Scrolls
 a - 2 scrolls of vulnerability {!r}
 e - 3 scrolls of noise {!r}
 f - a scroll of amnesia
 g - 3 scrolls of teleportation {@r4}
 o - 4 scrolls of revelation
 q - 6 scrolls of fog
 y - 2 scrolls of immolation {!r}
 E - a scroll of torment {!r}
 F - a scroll of poison
 H - 3 scrolls of enchant armour
 P - a scroll of enchant weapon
 U - a scroll of blinking
 V - a scroll of butterflies
Potions
 c - 2 potions of heal wounds {unknown}
 i - 2 potions of invisibility {unknown}
 k - 2 potions of cancellation {unknown}
 m - 2 potions of lignification {!q}
 n - a potion of ambrosia
 p - 5 potions of mutation {!q}
 u - 3 potions of enlightenment
 w - a potion of brilliance {unknown}
 x - a potion of degeneration {unknown}
 z - 3 potions of attraction {!q}
 J - 7 potions of curing {@q1}
 Q - a potion of haste {unknown}
 T - a potion of magic {unknown}


   Skills:
 + Level 13.4 Fighting
 - Level 14.0 Polearms
 - Level 1.0 Throwing
 - Level 0.6 Armour
 * Level 14.5 Dodging
 - Level 2.0 Spellcasting
 - Level 2.4 Translocations
 + Level 12.4 Invocations
 - Level 4.0 Evocations


You had 16 spell levels left.
You didn't know any spells.
Your spell library contained the following spells:

 Spells                   Type           Power      Damage    Failure   Level
 Blink                    Tloc           16%        N/A       24%         2
 Lesser Beckoning         Tloc           16%        N/A       24%         2
 Kiss of Death            Conj/Necr      4%         2d5       38%         1
 Maxwell's Portable Pile  Tloc           8%         2d(6-16)  43%         3
 Teleport Other           Tloc           8%         N/A       43%         3
 Ensorcelled Hibernation  Hex/Ice        2%         N/A       54%         2
 Jinxbite                 Hex            2%         N/A       54%         2
 Confusing Touch          Hex            1%         N/A       77%         3
 Dazzling Flash           Conj/Hex       2%         N/A       77%         3
 Passwall                 Erth           1%         N/A       77%         3
 Swiftness                Air            1%         N/A       77%         3
 Vhi's Electric Charge    Tloc/Air       8%         N/A       95%         4
 Dispel Undead            Necr           1%         3d6       99%         4
 Yara's Violent Unravell  Hex/Alch       0%         3d3       100%        5
 Starburst                Conj/Fire      0%         6d3       100%        6
 Enfeeble                 Hex            0%         N/A       100%        7
 Maxwell's Capacitive Co  Air            0%         ∞         100%        8


Dungeon Overview and Level Annotations

Branches:
Dungeon (11/15) Zot: 26981  Temple (0/1) D:5            Lair (5/5) D:8 Zot: 24846
 Shoals (0/4) Lair:3        Snake (0/4) Lair:3          Orc (1/2) D:10 Zot: 5998
  Sewer (visited)         Ossuary (visited)
  Slime: Lair:4-5

Altars:
Ashenzari
Cheibriados
Dithmenos
Elyvilon
Gozag
Kikubaaqudgha
Makhleb
Okawaru
Qazlal
Ru
Vehumet
Yredelemnul
Zin
The Shining One

Shops:
D:1 (

Annotations:
D:6 2 runed translucent doors, whodunnit's ghost, amateur OpSh
D:11 Maurice; Sonja


Innate Abilities, Weirdness & Mutations

((You are very nimble when in or above water. (Stealth+, EV+, Speed+++)))
Your lower body shifts to a powerful aquatic tail in water.


Message History

You feel your power leaking away. Maurice drains your magic.
The boulder beetle curls into a ball and begins rolling!
Maurice gestures wildly while chanting.
Maurice flickers and vanishes!
Deactivating autopickup; reactivate with Ctrl-A.
Something completely misses you. Something closely misses you.
There is a stone staircase leading up here.
The boulder beetle hits you!!
* * * LOW HITPOINT WARNING * * *
The boulder beetle stops rolling and uncurls.
Something hits you but does no damage. Something misses you.
You climb upwards.
Reactivating autopickup.
There is a stone staircase leading down here.
You hit the boulder beetle but do no damage.
Your weapon exudes an aura of protection.
The shadow hits you.
The boulder beetle completely misses you.
You hit the boulder beetle.
The boulder beetle is lightly wounded.
Something completely misses you. Something closely misses you.
The shadow slips into darkness.
The shadow flickers and vanishes!
Deactivating autopickup; reactivate with Ctrl-A.
You hit the boulder beetle but do no damage.
The boulder beetle is lightly wounded.
You block the boulder beetle's attack. Something hits you but does no damage.
Something bites you!
* * * LOW HITPOINT WARNING * * *
You feel your power leaking away. Something drains your magic.
You hit the boulder beetle.
The boulder beetle is lightly wounded.
The shadow strikes at you from the darkness!
* * * LOW HITPOINT WARNING * * *
Reactivating autopickup.
The boulder beetle closely misses you.
You hit the boulder beetle but do no damage.
The boulder beetle is lightly wounded.
Something hits you.
* * * LOW HITPOINT WARNING * * *
Something steals the +4 hand axe of Xom's Respect {distort, rF+ Will+ Int+4}!
Deactivating autopickup; reactivate with Ctrl-A.
Something bites you but does no damage. The shadow hits you.
Unknown command.
Okay, then.
Are you sure you want to abandon this character and quit the game? (Confirm with "yes".)

## ##..#####.#### #.#
#...#...#..
.###............# #.#
##.†#####..
..#.#.######.##.# #.#
##.....#..
.#.##........##.# #.#
#.P⌠P.).. .#.##..########.#
#.# #.....### .#.##))#
#.###.# #........ .#.##.[#
#..##.# ########. .#.....#
##W##.# #. .####..# ##@##.#
#. ..# #..# #.B.#.# #. #.#
#..# #...#.# #. #.# ##.#
####...#.## #. ..# #.#
#.........# #. #.#
#.#####.........# #.
#.####...............# ##.
[....%)....####<..#########
#..
#.###.....................#
#.#


You could see a boulder beetle and a shadow.

Vanquished Creatures
  Snorg (Lair:3)
  2 hydras (Lair:4)
  2 two-headed ogres (D:10)
  4 death yaks (Lair:4)
  Urug (D:10)
  A skyshark (Lair:4)
  A necromancer (D:10)
  A merfolk siren (Lair:3)
  3 elephants
  2 black mambas
  Joseph (D:7)
  Maggie (Lair:2)
  7 cane toads
  A rime drake (Lair:4)
  2 komodo dragons
  An efreet (D:8)
  Grinder (D:5)
  3 polar bears
  Prince Ribbit (D:5)
  2 hornets
  5 dream sheep (Lair:4)
  5 blink frogs (Lair:4)
  41 yaks
  2 wyverns
  Sigmund (D:2)
  A shadow (D:9)
  4 steam dragons
  2 wraiths
  4 basilisks
  A naga (Lair:3)
  Edmund (D:6)
  13 water moccasins
  4 orc warriors
  2 sky beasts (D:7)
  3 black bears
  Pargi (Sewer)
  3 ice beasts
  3 ogres
  6 centaurs
  8 wolves
  3 phantoms
  2 kobold brigands
  2 weeping skulls (Ossuary)
  2 elf zombies (Ossuary)
  A brain worm (Sewer)
  3 gnoll sergeants
  2 scorpions (D:6)
  11 bullfrogs
  4 wights
  8 killer bees (D:9)
  2 howler monkeys (D:8)
  A bombardier beetle (D:8)
  4 orc priests
  2 gnoll boudas
  4 hounds
  2 iguanas
  2 jellies
  2 scrub nettles (Lair:2)
  5 sleepcaps
  Terence (D:2)
  7 orc wizards
  2 polar bear simulacra (D:10)
  3 yak simulacra (D:10)
  4 wolf simulacra (D:10)
  2 hound zombies (Ossuary)
  2 mummies (Ossuary)
  18 gnolls
  10 adders
  2 river rats (D:10)
  2 white imps
  An adder zombie (Ossuary)
  5 dart slugs
  2 ribbon worms (D:3)
  33 orcs
  3 ball pythons
  4 bats
  5 endoplasms
  7 giant cockroaches
  10 hobgoblins
  5 quokkas
  6 frilled lizards
  8 goblins
  19 kobolds
  2 kobold zombies (D:5)
  9 rats
  2 river rat simulacra (D:10)
384 creatures vanquished.

Notes
Turn   | Place    | Note
-------+----------+-------------------------------------------
     0 | D:1      | GeoRichter the Merfolk Warper began the quest for the Orb.
     0 | D:1      | Reached XP level 1. HP: 16/16 MP: 3/3
   134 | D:1      | Reached XP level 2. HP: 23/23 MP: 5/5
   516 | D:1      | Found a faded altar of an unknown god.
   558 | D:1      | Prayed at the altar of an unknown god.
   558 | D:1      | Became a worshipper of Qazlal Stormbringer
   558 | D:1      | Reached * piety under Qazlal
   773 | D:1      | Found Emogutsesch's Weapon Boutique.
   988 | D:1      | Reached XP level 3. HP: 28/28 MP: 6/6
  1229 | D:2      | Noticed Terence
  1513 | D:3      | Reached XP level 4. HP: 35/35 MP: 7/7
  1520 | D:3      | Reached ** piety under Qazlal
  1546 | D:3      | Reached skill level 5 in Polearms
  1615 | D:3      | Found a radiant altar of Vehumet.
  1709 | D:3      | Noticed an ogre
  1767 | D:3      | Killed an ogre
  1768 | D:3      | Reached XP level 5. HP: 17/42 MP: 3/8
  1890 | D:3      | Found a glowing drain.
  1904 | Sewer    | Entered a sewer
  1929 | Sewer    | Noticed Pargi
  1967 | Sewer    | Killed Pargi
  1968 | Sewer    | Reached XP level 6. HP: 45/49 MP: 9/9
  2679 | D:4      | Reached XP level 7. HP: 49/55 MP: 10/10
  3258 | D:4      | Found a glowing golden altar of the Shining One.
  3739 | D:4      | Reached skill level 5 in Fighting
  3739 | D:4      | Reached skill level 1 in Invocations
  4060 | D:2      | Reached *** piety under Qazlal
  4154 | D:2      | Noticed Sigmund
  4162 | D:2      | Killed Sigmund
  4401 | D:2      | Killed Terence
  4479 | D:5      | Entered Level 5 of the Dungeon
  4482 | D:5      | Found a staircase to the Ecumenical Temple.
  4501 | D:5      | Found a sand-covered staircase.
  4532 | Ossuary  | Entered an ossuary
  4532 | Ossuary  | Found a huge runed translucent gate.
  4532 | Ossuary  | Found a huge runed translucent gate.
  4532 | Ossuary  | Found a huge runed translucent gate.
  4532 | Ossuary  | Found a huge runed translucent gate.
  4532 | Ossuary  | Found a huge runed translucent gate.
  4532 | Ossuary  | Found a huge runed translucent gate.
  4532 | Ossuary  | Found a huge runed translucent gate.
  4532 | Ossuary  | Found a huge runed translucent gate.
  4532 | Ossuary  | Found a huge runed translucent gate.
  4543 | Ossuary  | Found a huge runed translucent gate.
  4543 | Ossuary  | Found a huge runed translucent gate.
  4544 | Ossuary  | Found a huge runed translucent gate.
  4544 | Ossuary  | Found a huge runed translucent gate.
  4546 | Ossuary  | Found a huge runed translucent gate.
  4546 | Ossuary  | Found a huge runed translucent gate.
  4626 | Ossuary  | Found a huge runed translucent gate.
  4626 | Ossuary  | Found a huge runed translucent gate.
  4626 | Ossuary  | Found a huge runed translucent gate.
  4626 | Ossuary  | Found a huge runed translucent gate.
  4626 | Ossuary  | Found a huge runed translucent gate.
  4627 | Ossuary  | Found a huge runed translucent gate.
  4627 | Ossuary  | Found a huge runed translucent gate.
  4629 | Ossuary  | Found a huge runed translucent gate.
  4629 | Ossuary  | Found a huge runed translucent gate.
  4630 | Ossuary  | Found a huge runed translucent gate.
  4630 | Ossuary  | Found a huge runed translucent gate.
  4631 | Ossuary  | Found a huge runed translucent gate.
  4631 | Ossuary  | Found a huge runed translucent gate.
  4636 | Ossuary  | Found a huge runed translucent gate.
  4636 | Ossuary  | Found a huge runed translucent gate.
  4668 | Ossuary  | Found a huge runed translucent gate.
  4668 | Ossuary  | Found a huge runed translucent gate.
  4668 | Ossuary  | Found a huge runed translucent gate.
  4668 | Ossuary  | Found a huge runed translucent gate.
  4668 | Ossuary  | Found a huge runed translucent gate.
  4690 | Ossuary  | Reached XP level 8. HP: 64/64 MP: 4/11
  4828 | D:5      | Noticed Grinder
  4837 | D:5      | Paralysed by Grinder for 3 turns
  4863 | D:5      | Paralysed by Grinder for 4 turns
  4870 | D:5      | Killed Grinder
  4871 | D:5      | Reached skill level 10 in Polearms
  4940 | D:5      | Identified the ring of Nankun {rPois rF+ rC+ Int+2}
  5274 | D:5      | Found a broken altar of Ashenzari.
  5466 | D:5      | Reached XP level 9. HP: 52/71 MP: 12/12
  6051 | D:6      | Noticed Edmund
  6056 | D:6      | Killed Edmund
  6057 | D:6      | Reached skill level 5 in Invocations
  6266 | D:6      | Noticed Prince Ribbit
  6340 | D:5      | HP: 2/72 [Prince Ribbit (14)]
  6590 | D:5      | Killed Prince Ribbit
  6666 | D:6      | Noticed whodunnit's ghost (amateur OpSh)
  6669 | D:6      | Found a large runed translucent door.
  6669 | D:6      | Found a large runed translucent door.
  6782 | D:6      | Found a shadowy altar of Dithmenos.
  6783 | D:6      | Found a burning altar of Makhleb.
  7050 | D:6      | You fall into a shaft and drop 2 floors!
  7249 | D:8      | Found an opulent altar of Gozag.
  7304 | D:8      | Reached XP level 10. HP: 80/80 MP: 14/14
  8173 | D:7      | Noticed Joseph
  8178 | D:7      | Killed Joseph
  8179 | D:7      | Reached skill level 1 in Evocations
  8375 | D:7      | Found an iron altar of Okawaru.
  8872 | D:8      | Found a staircase to the Lair.
  8899 | D:8      | Found a snail-covered altar of Cheibriados.
  9228 | D:8      | Found an ancient bone altar of Kikubaaqudgha.
  9492 | D:8      | Found a basalt altar of Yredelemnul.
  9703 | D:9      | Identified the serpent talisman "Nitat" {rElec Str+4 Int+4}
  9726 | D:9      | Paralysed by a hornet for 3 turns
  9742 | D:9      | Reached XP level 11. HP: 42/90 MP: 17/17
 10305 | D:9      | Found Zin's Purification Station.
 10305 | D:9      | Found a glowing silver altar of Zin.
 10313 | D:9      | Bought a potion of curing for 90 gold pieces
 10421 | D:9      | Reached skill level 10 in Fighting
 10421 | D:9      | Reached skill level 5 in Dodging
 10816 | D:9      | Found a sacrificial altar of Ru.
 11329 | D:10     | Entered Level 10 of the Dungeon
 11737 | D:10     | Noticed a two-headed ogre
 11746 | D:10     | Killed a two-headed ogre
 11759 | D:10     | Noticed Urug
 11788 | D:10     | Killed Urug
 11924 | D:10     | Noticed a necromancer
 11937 | D:10     | Killed a necromancer
 12091 | D:10     | Noticed a two-headed ogre
 12108 | D:10     | Killed a two-headed ogre
 12109 | D:10     | Reached skill level 10 in Invocations
 12109 | D:10     | Found a white marble altar of Elyvilon.
 12573 | D:10     | Found a staircase to the Orcish Mines.
 12654 | Lair:1   | Entered Level 1 of the Lair of Beasts
 12658 | Lair:1   | Reached XP level 12. HP: 100/100 MP: 19/19
 13663 | Lair:2   | Identified the +4 hand axe of Xom's Respect {distort, rF+
                  | Will+ Int+4}
 13748 | Lair:2   | Noticed Maggie
 13756 | Lair:2   | Killed Maggie
 13757 | Lair:2   | Reached skill level 10 in Dodging
 14458 | Lair:2   | Identified the +0 ring mail of Action {rElec Str+3}
 14869 | Lair:3   | Noticed Snorg
 14881 | Lair:3   | Killed Snorg
 14967 | Lair:3   | You fall into a shaft and drop 2 floors!
 14967 | Lair:5   | Entered Level 5 of the Lair of Beasts
 15186 | Lair:3   | Found a staircase to the Shoals.
 15435 | Lair:3   | Found a staircase to the Snake Pit.
 15739 | Lair:4   | Noticed a four-headed hydra
 15866 | Lair:4   | Reached XP level 13. HP: 100/109 MP: 21/21
 17415 | Orc:1    | Entered Level 1 of the Orcish Mines
 17525 | D:11     | Noticed Maurice
 17528 | D:11     | Noticed Sonja
 17545 | D:10     | Something stole the +4 hand axe of Xom's Respect {distort,
                  | rF+ Will+ Int+4}
 17546 | D:10     | Quit the game

Illustrated notes

Levels and vault maps discovered:
D:1:      dpeg_arrival_prison, layout_basic, shapermc_ecumenical_altar_gd,
          serial_shops, shop
D:2:      layout_basic, minivault_24, uniq_terence, uniq_sigmund
D:3:      layout_basic, vehumet_crystals, cheibrodos_sewer_entry_bend
D:4:      layout_basic, nicolae_tso_swordbearing_angel, minmay_puff
D:5:      layout_basic, ashenzari_altar_1, minmay_temple_entry_overgrown,
          enter_ossuary_3, kennysheep_nub, serial_park_tiny_1,
          roderic_roman_lattice, uniq_grinder
D:6:      layout_cave_pools, gammafunk_temple_overflow_pools,
          ebering_ghost_disaster_area, uniq_edmund, uniq_prince_ribbit1
D:7:      kennysheep_six_static_rooms, layout_basic, lemuel_round_altar,
          kennysheep_another_room, uniq_joseph
D:8:      cheibrodos_barr_body, layout_rooms, mainiacjoe_overflow_24_doors,
          slow_altar_2, old_standard_altar, mainiacjoe_overflow_surrounded_room,
          david_lair_generic
D:9:      layout_cave_pods, mainiacjoe_overflow_catwalk, zin_purify
D:10:     layout_loops_ring, mainiacjoe_overflow_alcove_1,
          nicolae_overflow_hidden_temple, orc_0_dummy, st_stairs_11,
          eino_house_with_fridge, uniq_urug
D:11:     layout_rooms, minmay_unpleasant_kobolds, uniq_sonja, uniq_maurice
Lair:1:   layout_roguey
Lair:2:   layout_chaotic_city, evilmike_ambush [evilmike_ambush_outer_corners,
          evilmike_ambush_inner_basic], uniq_maggie
Lair:3:   wander_river, layout_gridlike, minmay_shoals_entry_lonely_mermaid,
          guppyfry_snake_entry_island, uniq_snorg
Lair:4:   layout_loops_ring, minivault_11, grunt_megastairs_4,
          serial_bayou_shore_a
Lair:5:   gammafunk_lair_ancient_temple, layout_misc_corridors,
          minmay_slime_entry_pillars
Orc:1:    layout_diamond_mine, serial_shops, shop, shop, shop,
          nicolae_shop_advertising_works [nicolae_subvault_shop_adworks],
          nicolae_lakefront_shop

Skill      XL: |  1  2  3  4  5  6  7  8  9 10 11 12 13 |
---------------+----------------------------------------+-----
Polearms       | 3 4 6 7 9 11 13 14 | 14.0
Fighting       | 3 4 5 6 8 9 11 12 13 | 13.4
Invocations    | 2 4 6 8 10 11 12 | 12.4
Evocations     | 4 |  4.0
Dodging        | 4 8 12 14 | 14.5
Throwing       | |  1.0
Armour         | |  0.6
Spellcasting   | |  2.0
Translocations | |  2.4

Action                     |  1- 3 |  4- 6 |  7- 9 | 10-12 | 13-15 || total
---------------------------+-------+-------+-------+-------+-------++-------
  Melee: Spear             |   153 |   184 |    10 |       |       ||   347
         Tailslap          |       |     7 |       |     6 |       ||    13
         Trident           |       |       |   522 |  1374 |   388 ||  2284
  Throw: Dart              |       |     7 |     5 |       |       ||    12
         Javelin           |       |       |     3 |       |       ||     3
 Invoke: Upheaval          |       |     3 |    17 |    35 |    12 ||    67
  Evoke: Wand              |       |       |     1 |     4 |     1 ||     6
    Use: Scroll            |       |     4 |     4 |     9 |     8 ||    25
         Potion            |       |       |     2 |       |       ||     2
   Stab: Sleeping          |     1 |       |       |       |       ||     1
         Paralysed         |       |       |       |    10 |       ||    10
 Armour: Leather armour    |    65 |    57 |     1 |       |       ||   123
         Scale mail        |       |       |   240 |       |       ||   240
         Ring mail         |       |       |    23 |   440 |       ||   463
         Acid dragon scale |       |       |       |    44 |       ||    44
         Troll leather arm |       |       |       |    37 |   166 ||   203
  Dodge: Dodged            |    58 |    54 |   142 |   448 |   226 ||   928
  Block: Other             |     4 |     4 |       |       |       ||     8
         Buckler           |       |    32 |   128 |   358 |   122 ||   640

Table legend: (Time is in decaauts)
 A = Elapsed time spent in this place.
 B = Non-inter-level travel time spent in this place.
 C = Inter-level travel time spent in this place.
 D = Time resting spent in this place.
 E = Time spent auto-exploring this place.
 F = Levels seen in this place.
 G = Mean time per level.
                   A        B        C        D        E       F      G
               +--------+--------+--------+--------+--------+-----+--------+
         Total |  16757 |  15834 |    923 |   1034 |  10747 |  19 |  881.9 |
       Dungeon |  11848 |  11223 |    625 |    834 |   7548 |  11 | 1077.1 |
          Lair |   4336 |   4039 |    297 |    143 |   2890 |   5 |  867.2 |
  Orcish Mines |      1 |      1 |      0 |      0 |      0 |   1 |    1.0 |
         Sewer |    299 |    299 |      0 |     57 |    147 |   1 |  299.0 |
       Ossuary |    272 |    272 |      0 |      0 |    162 |   1 |  272.0 |
               +--------+--------+--------+--------+--------+-----+--------+

Top non-repeatable levels by time:
     D:9: 1940 daAuts
     D:4: 1519 daAuts
  Lair:4: 1361 daAuts
     D:5: 1357 daAuts
  Lair:2: 1243 daAuts
     D:8: 1243 daAuts
     D:1: 1164 daAuts
    D:10: 1059 daAuts
     D:7: 1019 daAuts
  Lair:1: 962 daAuts
     D:6: 928 daAuts
     D:3: 814 daAuts
     D:2: 787 daAuts
  Lair:3: 744 daAuts
   Sewer: 299 daAuts
